Map: Simulação de Realidades LE

Players

fernandao

  • Race: Protoss Protoss
  • Spawn Location: 6:00

VOD

Have the link to the VOD?

Description

Time

  • Played on: Nov. 26, 2022, 1:17 p.m.
  • Length: 3:48
Show
View Real Time Build Order
Export as new Build Order

fernandao Protoss 

Build Orders: 1 Gate Expand, Oracle Opening 

Get SALT Encoding   

  12  0:00  Probe  
  13  0:12  Probe  
  14  0:20  Pylon  
  14  0:25  Probe  
  15  0:30  Assimilator  
  15  0:38  Probe  
  16  0:44  Gateway  
  16  0:50  Probe (Chrono Boost)  
  17  1:00  Probe (Chrono Boost)  
  18  1:05  Probe (Chrono Boost)  
  19  1:16  Probe  
  20  1:28  Probe  
  21  1:33  Cybernetics Core  
  21  1:43  Nexus  
  21  1:47  Pylon  
  21  1:50  Probe  
  22  2:01  Assimilator  
  22  2:03  Probe  
  23  2:11  Stargate  
  23  2:14  Adept  
  25  2:18  Probe  
  26  2:34  Assimilator  
  26  2:35  Probe  
  27  2:44  Adept  
  27  2:48  Probe  
  30  2:55  Oracle  
  33  3:17  Stargate  
  33  3:19  Probe  
  34  3:23  Probe  
  35  3:30  Pylon  
  35  3:32  Probe  
Tags
 
Add a new tag
Caveats
  • Supply blocks, unpowered buildings, or Contaminate may cause inaccurate times.
  • Supply counts are checked every 10 seconds.